 Dungeon Crawl Stone Soup version 0.27-a0-1206-g6342a01c75 (webtiles) character file.

Game seed: 1211014842237645272

8 Glokmah the Sneak (level 2, -1/25 HPs)
             Began as a Ghoul Brigand on June 5, 2021.
             Slain by a hobgoblin (4 damage)
             ... on level 1 of the Dungeon.
             The game lasted 00:00:57 (477 turns).

Glokmah the Sneak (Ghoul Brigand)                    Turns: 477, Time: 00:00:58

Health: -1/25      AC:  3    Str: 14    XL:     2   Next: 8%
Magic:  1/1        EV: 11    Int:  6    God:
Gold:   10         SH:  0    Dex: 10    Spells: 1/1 levels left

rFire    . . .     SeeInvis .   a - +2 dagger
rCold    + . .     Faith    .   (no shield)
rNeg     + + +     Spirit   .   b - +0 robe
rPois    ∞         Reflect  .   (no helmet)
rElec    .         Harm     .   f - +0 cloak
rCorr    .         Rampage  .   (no gloves)
Will     .....                  (no boots)
Stlth    ++........             (no amulet)
HPRegen  0.00/turn              (no ring)
MPRegen  0.07/turn              (no ring)

@: no status effects
A: claws 1, cold resistance 1, negative energy resistance 3, inhibited
regeneration, torment resistance 2
a: no special abilities


You were on level 1 of the Dungeon.
You visited 1 branch of the dungeon, and saw 1 of its levels.

You collected 10 gold pieces.

Inventory:

Hand Weapons
 a - a +2 dagger (weapon)
Missiles
 d - 5 poisoned darts (quivered)
 e - 2 curare-tipped darts
Armour
 b - a +0 robe (worn)
 c - a +0 cloak
 f - a +0 cloak (worn)
Potions
 g - 2 potions of curing {unknown}
 h - a potion of mutation {unknown}


   Skills:
 + Level 2.3 Fighting
 * Level 2.1 Short Blades
 - Level 1.7 Throwing
 - Level 0.8 Dodging
 * Level 4.6 Stealth


You had one spell level left.
You didn't know any spells.
Your spell library was empty.

Dungeon Overview and Level Annotations

Branches:
Dungeon (1/15)

Altars:


Innate Abilities, Weirdness & Mutations

You thrive by killing the living.
You are immune to poison.
You have sharp fingernails.
Your flesh is cold resistant. (rC+)
You are immune to negative energy. (rN+++)
You do not regenerate when monsters are visible.
You are immune to unholy pain and torment.


Message History

You hit the goblin.
You kill the goblin!
The hobgoblin hits you but does no damage.
Throw: 8 darts (poison)
Press: ? - help, Q - select action, (/) - cycle Shift-Dir - straight line, f - hobgoblin
Aim: a hobgoblin (56% to hit)
You throw a poisoned dart.
The poisoned dart barely misses the hobgoblin.
The hobgoblin closely misses you.
Throw: 7 darts (poison)
Press: ? - help, Q - select action, (/) - cycle Shift-Dir - straight line, f/p - hobgoblin
Aim: a hobgoblin (56% to hit)
You throw a poisoned dart. The poisoned dart hits the hobgoblin.
The hobgoblin is poisoned.
The hobgoblin hits you.
* * * LOW HITPOINT WARNING * * *
Throw: 6 darts (poison)
Press: ? - help, Q - select action, (/) - cycle Shift-Dir - straight line, f/p - hobgoblin
Aim: a hobgoblin (poisoned, 56% to hit)
You throw a poisoned dart. The poisoned dart hits the hobgoblin.
The hobgoblin looks even sicker.
The hobgoblin hits you.
* * * LOW HITPOINT WARNING * * *
Found a scroll labelled VEEMYTT UREGU.
Found a short sword.
A ball python comes into view.
A rat comes into view.
You hit the hobgoblin.
The hobgoblin is heavily wounded.
The hobgoblin barely misses you.
You barely miss the hobgoblin.
The hobgoblin is heavily wounded.
The hobgoblin barely misses you.
You barely miss the hobgoblin.
The hobgoblin is severely wounded.
The hobgoblin closely misses you.
You closely miss the hobgoblin.
The hobgoblin is severely wounded.
The hobgoblin hits you.
You die...

#... .# #... ####.#
##+#####...##....##
#......#...##...(.
#...............###
#..................
#....!........#####
#..........)..#####
#?@g.......(..##...
#.............##...
#.............##...
#.............##...
................##...
...).............##...
......##############...
r..... #... .....S #...


You could see a hobgoblin (poisoned).

Vanquished Creatures
  A ball python (D:1)
  A bat (D:1)
  A giant cockroach (D:1)
  2 goblins (D:1)
  A frilled lizard (D:1)
  A rat (D:1)
7 creatures vanquished.

Notes
Turn   | Place    | Note
-------+----------+-------------------------------------------
     0 | D:1      | Glokmah the Ghoul Brigand began the quest for the Orb.
     0 | D:1      | Reached XP level 1. HP: 17/17 MP: 0/0
   403 | D:1      | Reached XP level 2. HP: 25/25 MP: 1/1
   477 | D:1      | Slain by a hobgoblin

Illustrated notes

Levels and vault maps discovered:
D:1:      minmay_arrival_jagged, layout_basic, minmay_pentomino_t2

Skill      XL: |  1 |
---------------+----+-----
Short Blades   | 2 |  2.1
Fighting       | |  2.3
Throwing       | |  1.7
Dodging        | |  0.8
Stealth        | |  4.6

Action                   || total
-------------------------++-------
Melee: Dagger            ||    30
Throw: Dart              ||     3
 Stab: Sleeping          ||     3
Armor: Robe              ||    13
Dodge: Dodged            ||    16

Table legend: (Time is in decaauts)
 A = Elapsed time spent in this place.
 B = Non-inter-level travel time spent in this place.
 C = Inter-level travel time spent in this place.
 D = Time resting spent in this place.
 E = Time spent auto-exploring this place.
 F = Levels seen in this place.
 G = Mean time per level.
                   A        B        C        D        E       F      G
               +--------+--------+--------+--------+--------+-----+--------+
         Total |    474 |    474 |      0 |      0 |    374 |   1 |  474.0 |
       Dungeon |    474 |    474 |      0 |      0 |    374 |   1 |  474.0 |
               +--------+--------+--------+--------+--------+-----+--------+

Top non-repeatable levels by time:
     D:1: 474 daAuts
